 Dungeon Crawl Stone Soup version 0.28.0-45-g0d030f2227 (webtiles) character file.

Game seed: 17455763750106564071

62 MalarOregon the Magician (level 3, -1/27 HPs)
             Began as a Palentonga Hedge Wizard on Apr 18, 2022.
             Slain by a hound (3 damage)
             ... on level 6 of the Dungeon.
             The game lasted 00:08:37 (3821 turns).

MalarOregon the Magician (Palentonga Hedge Wizard)  Turns: 3821, Time: 00:08:38

Health: -1/27      AC:  4    Str: 13    XL:     3   Next: 85%
Magic:  0/7        EV: 10    Int: 16    God:
Gold:   56         SH:  0    Dex:  9    Spells: 0/8 levels left

rFire   . . .      SeeInvis +   a - +0 dagger
rCold   . . .      Faith    .   (no shield)
rNeg    . . .      Spirit   .   b - +0 robe
rPois   .          Reflect  .   c - +0 hat
rElec   .          Harm     .   (no cloak)
rCorr   .          Rampage  .   (no gloves)
Will    ++...                   (no barding)
Stlth   +.........              (no amulet)
HPRegen 0.09/turn               h - ring of willpower
MPRegen 0.10/turn               n - ring of willpower

@: no status effects
A: large, rugged brown scales 3, see invisible, deformed body, roll 1, armoured
tail
a: Rolling Charge


You were on level 6 of the Dungeon.
You visited 1 branch of the dungeon, and saw 4 of its levels.

You collected 56 gold pieces.


Innate Abilities, Weirdness & Mutations

You are completely covered in rugged brown scales. (AC +3, +7% HP)
You have supernaturally acute eyesight. (SInv)
Armour fits poorly on your strangely shaped body.
You can roll at nearby foes to attack.
You have a long armoured tail.


   Skills:
 * Level 1.2 Fighting
 * Level 2.1 Dodging
 - Level 1.2 Stealth
 * Level 3.3 Spellcasting
 + Level 1.2 Conjurations
 + Level 1.1 Summonings
 + Level 1.4 Translocations
 + Level 0.0 Air Magic
 + Level 0.2 Poison Magic


You couldn't memorise any spells.
You knew the following spells:

 Your Spells              Type           Power      Damage    Failure   Level
a - Magic Dart            Conj           24%        1d4       11%         1
b - Blink                 Tloc           14%        N/A       16%         2
f - Mephitic Cloud        Conj/Pois/Air  4%         N/A       41%         3
x - Call Imp              Summ           6%         N/A       17%         2

Your spell library contained the following spells:

 Spells                   Type           Power      Damage    Failure   Level
 Foxfire                  Conj/Fire      16%        2x1d4     14%         1
 Slow                     Hex            8%         N/A       19%         1
 Sublimation of Blood     Necr           2%         N/A       26%         2
 Wereblood                Tmut           2%         N/A       26%         2
 Conjure Flame            Conj/Fire      4%         6-21      38%         3
 Inner Flame              Hex/Fire       2%         N/A       47%         3
 Flame Wave               Conj/Fire      4%         2d5       80%         4
 Summon Hydra             Summ           3%         N/A       100%        7

Inventory:

Hand Weapons
 a - a +0 dagger (weapon)
Missiles
 j - 4 atropa-tipped darts
 l - 3 curare-tipped darts {!f}
Armour
 b - a +0 robe (worn)
 c - a +0 hat (worn)
 p - a +0 kite shield
   (You found it on level 2 of the Dungeon)
Jewellery
 h - a ring of willpower (left hand)
   (You found it on level 1 of the Dungeon)
 n - a ring of willpower (right hand)
   (You found it on level 2 of the Dungeon)
Scrolls
 d - a scroll of amnesia
Potions
 f - 2 potions of mutation {!q}
 q - a potion of attraction {!q}

Dungeon Overview and Level Annotations

Branches:
Dungeon (3/15)

Altars:
Okawaru
Xom
Zin

Shops:
D:2

* ##### #..@#
#.5h# #####.5.#
##.......#####
#..............
#........###...
#........# .
#.....####
#......


You could see a hound, a white imp (ally target) and a friendly white imp
(summoned).


Message History

Found 13 gold pieces.
Found an iron altar of Okawaru.
The hound barks!
Okay, then.
Blink to where?
Press: ? - help, Dir - move target
As you read the scroll labelled DOTYGYFUESS, it crumbles to dust.
It was a scroll of blinking.
As you read the scroll labelled DACHEECLIMA, it crumbles to dust.
You assume a fearsome visage.
Nothing appears to happen.
It was a scroll of fear.
As you read the scroll labelled POAMON BAK WUURCH, it crumbles to dust.
You hear a loud clanging noise!
It was a scroll of noise.
The bullfrog swells and bulges.
As you read the scroll labelled TUQESKASUI, it crumbles to dust.
You feel strangely unstable.
It was a scroll of teleportation.
The hound closely misses you. The hound closely misses you.
Your surroundings suddenly seem different.
You start resting.
A hound is nearby!
A white imp comes into view.
Okay, then.
As you read the scroll labelled BAEBEIKHEI, it crumbles to dust.
It is a scroll of identify.
q - a potion of attraction
As you read the scroll of identify {@r1}, it crumbles to dust.
f - 2 potions of mutation
As you read the scroll of identify {@r1}, it crumbles to dust.
m - a potion of heal wounds The hound bites you but does no damage.
Casting: Call Imp (safe; 17% risk of failure)
Confirm with . or Enter, or press ? or * to list all spells.
A beastly little devil appears in a puff of flame.
The hound barely misses you.
Casting: Call Imp (safe; 17% risk of failure)
Confirm with . or Enter, or press ? or * to list all spells.
A beastly little devil appears in a puff of frigid air.
Your crimson imp disappears in a puff of smoke!
The hound bites you.
* * * LOW HITPOINT WARNING * * *
The hound barely misses you.
You feel much better. The white imp misses you. The hound barely misses you.
Your white imp barely misses the white imp.
Unknown command.
You barely miss the hound. The hound bites you. The white imp hits you.
The white imp freezes you. The hound completely misses you.
Your white imp gestures at the white imp.
The puff of frost hits the white imp.
The white imp resists.
Unknown command.
Casting: Call Imp (safe; 17% risk of failure)
Confirm with . or Enter, or press ? or * to list all spells.
A beastly little devil appears in a puff of frigid air.
Your white imp disappears in a puff of smoke!
The white imp gestures at you. The puff of frost hits you.
The hound bites you but does no damage.
You hit the hound. The hound closely misses you.
The white imp closely misses you. The hound bites you but does no damage.
Your white imp hits the white imp.
Your white imp freezes the white imp.
The white imp resists.
You hit the white imp but do no damage. The white imp completely misses you.
The hound bites you but does no damage.
Your white imp gestures at the white imp.
The puff of frost misses the white imp.
You hit the white imp but do no damage.
Your tail-slap misses the white imp.
The hound bites you.
* * * LOW HITPOINT WARNING * * *
The white imp barely misses you. The hound bites you but does no damage.
Your white imp completely misses the white imp.
You hit the white imp. The white imp gestures at you.
The puff of frost misses you. The hound bites you.
* * * LOW HITPOINT WARNING * * *
Your white imp hits the white imp.
Your white imp freezes the white imp.
The white imp completely resists.
You hit the white imp.
Your tail-slap misses the white imp.
The hound barely misses you.
The white imp shouts, "Return whence thou came, thou plume-plucked ditch-delivered boar-pig!"
The white imp hits you but does no damage.
The hound closely misses you.
Your white imp misses the white imp.
You hit the white imp but do no damage.
Your tail-slap misses the white imp.
The white imp hits you.
* * * LOW HITPOINT WARNING * * *
The white imp freezes you.
* * * LOW HITPOINT WARNING * * *
The hound misses you.
Your white imp hits the white imp but does no damage.
You completely miss the white imp. The hound bites you.
* * * LOW HITPOINT WARNING * * *
The white imp closely misses you. The hound barely misses you.
Your white imp hits the white imp.
Your white imp freezes the white imp.
The white imp resists.
Okay, then.
As you read the scroll labelled CYINIX SUGGA, it crumbles to dust.
It is a scroll of amnesia.
Really abort (and waste the scroll)?
Okay, then.
The white imp barely misses you. The hound bites you.
You die...

Skill      XL: |  1  2 |
---------------+-------+-----
Conjurations   | 1 |  1.2
Summonings     | 1 |  1.1
Fighting       | 1 |  1.2
Dodging        | 2 |  2.1
Stealth        | |  1.2
Spellcasting   | |  3.3
Translocations | |  1.4
Poison Magic   | |  0.2

Action                   || total
-------------------------++-------
Melee: Dagger            ||    54
       Tailslap          ||     3
       Punch             ||     1
 Cast: Magic Dart        ||   116
       Call Imp          ||     8
  Use: Scroll            ||     8
       Potion            ||     1
Armor: Robe              ||    35
Dodge: Dodged            ||    60

Levels and vault maps discovered:
D:1:      dpeg_arrival_arbitrary_a, layout_basic,
          hellmonk_ecumenical_altar_zigzags, grunt_decor_mini_mirrors
D:2:      layout_rooms, serial_co_window_serial, co_window_corner_a,
          co_window_cross_1, co_window_paths_a, co_window_of_opportunity_a,
          co_window_corner_a, co_window_paths_a, co_window_corner_ca,
          co_window_unsneaky_path_c, co_window_paths_c, co_window_sun,
          co_window_4corner_a, glass_columns_c, glass_columns_c,
          glass_columns_a, glass_columns_a, serial_shops, shop,
          chequers_serial_rivers_large_b
D:3:      layout_basic, grunt_temple_overflow_order_and_chaos_1, minmay_circle_x
D:6:      layout_basic, okawaru_metal_pillars_1_2, nemelex_dance_club_becter,
          uniq_maggie, uniq_eustachio

Notes
Turn   | Place    | Note
-------+----------+-------------------------------------------
     0 | D:1      | MalarOregon the Palentonga Hedge Wizard began the quest for
                  | the Orb.
     0 | D:1      | Reached XP level 1. HP: 13/13 MP: 4/4
   152 | D:1      | Reached skill level 1 in Conjurations
   253 | D:1      | Reached XP level 2. HP: 21/21 MP: 1/6
   717 | D:1      | Reached skill level 1 in Summonings
   723 | D:1      | Reached skill level 1 in Fighting
   830 | D:1      | Reached skill level 2 in Dodging
   848 | D:1      | Reached XP level 3. HP: 13/27 MP: 0/7
  1345 | D:1      | Found a faded altar of an unknown god.
  1350 | D:1      | You pick up a book of Blood and begin reading...
  1350 | D:1      | You add the spells Sublimation of Blood, Wereblood and
                  | Summon Hydra to your library.
  1881 | D:1      | Learned a level 2 spell: Blink
  1884 | D:1      | Learned a level 2 spell: Call Imp
  1888 | D:1      | Learned a level 3 spell: Mephitic Cloud
  1889 | D:2      | Found Misaqul's Assorted Antiques.
  1903 | D:1      | HP: 5/27 [poisoned by an adder]
  2713 | D:2      | You pick up a book of Flames and begin reading...
  2713 | D:2      | You add the spells Foxfire, Inner Flame and Flame Wave to
                  | your library.
  3614 | D:3      | Noticed an angel
  3616 | D:3      | Found a shimmering altar of Xom.
  3637 | D:3      | Found a glowing silver altar of Zin.
  3742 | D:3      | You fall into a shaft and drop 3 floors!
  3742 | D:6      | Noticed a bullfrog
  3753 | D:6      | HP: 6/27 [bullfrog (5)]
  3758 | D:6      | Found an iron altar of Okawaru.
  3819 | D:6      | HP: 5/27 [white imp (2)]
  3820 | D:6      | HP: 2/27 [hound (3)]
  3821 | D:6      | Slain by a hound

Vanquished Creatures
  An adder (D:2)
  A dart slug (D:2)
  2 ball pythons (D:1)
  6 endoplasms
  3 giant cockroaches (D:1)
  6 goblins
  6 hobgoblins (D:1)
  4 kobolds (D:1)
  4 quokkas
  3 bats
  7 rats
43 creatures vanquished.

Table legend:
 A = Non-vault XP
 B = Vault XP
 C = Vault XP percentage of total XP
 D = Non-vault monster count
 E = Vault monster count
 F = Vault count percentage of total count
                 A         B        C        D         E       F
            +---------+---------+-------+---------+---------+-------
      Total |      88 |       1 |   1.1 |      42 |       1 |   2.3
            +---------+---------+-------+---------+---------+-------
        D:1 |      55 |       0 |   0.0 |      31 |       0 |   0.0
        D:2 |      28 |       0 |   0.0 |       8 |       0 |   0.0
        D:3 |       5 |       1 |  16.7 |       3 |       1 |  25.0
            +---------+---------+-------+---------+---------+-------

Illustrated notes

Table legend:
 A = Kills in this place as a percentage of kills in entire the game.
 B = Kills by you in this place as a percentage of kills by you in the entire game.
 C = Kills by friends in this place as a percentage of kills by friends in the entire game.
 D = Other kills in this place as a percentage of other kills in the entire game.
 E = Experience gained in this place as a percentage of experience gained in the entire game.
 F = Experience gained in this place divided by the number of levels of this place that you have seen.
                   A       B       C       D       E      F
               +-------+-------+-------+-------+-------+----------------------
         Total | 100.0 | 100.0 |   N/A |   N/A | 100.0 |  22.2
       Dungeon | 100.0 | 100.0 |   N/A |   N/A | 100.0 |  22.2
               +-------+-------+-------+-------+-------+----------------------

Table legend: (Time is in decaauts)
 A = Elapsed time spent in this place.
 B = Non-inter-level travel time spent in this place.
 C = Inter-level travel time spent in this place.
 D = Time resting spent in this place.
 E = Time spent auto-exploring this place.
 F = Levels seen in this place.
 G = Mean time per level.
                   A        B        C        D        E       F      G
               +--------+--------+--------+--------+--------+-----+--------+
         Total |   3848 |   3661 |    187 |    442 |   2844 |   4 |  962.0 |
       Dungeon |   3848 |   3661 |    187 |    442 |   2844 |   4 |  962.0 |
               +--------+--------+--------+--------+--------+-----+--------+

Top non-repeatable levels by time:
     D:1: 2157 daAuts
     D:2: 1302 daAuts
     D:3: 309 daAuts
     D:6: 78 daAuts
